 Dungeon Crawl Stone Soup version 0.18.1-8-gdd0e5ea (webtiles) character file.

336 RudyRod the Firebug (level 6, 0/37 HPs)
             Began as an Octopode Fire Elementalist on June 9, 2016.
             Slain by an orc wizard
             ... wielding a +0 dagger
              (1 damage)
             ... on level 3 of the Dungeon.
             The game lasted 00:17:23 (4021 turns).

RudyRod the Firebug (Octopode Fire Elementalist)    Turns: 4021, Time: 00:17:23

Health: 0/37       AC:  1    Str:  8    XL:     6   Next: 54%
Magic:  7/11       EV: 12    Int: 19    God:
Gold:   99         SH:  0    Dex: 12    Spells: 2 memorised, 8 levels left

rFire  . . .     SeeInvis .     d - +0 mace
rCold  + . .     Gourm    .     (no shield)
rNeg   + . .     Faith    .     (helmet restricted)
rPois  .         Spirit   .     (no amulet)
rElec  .         Dismiss  .     h - ring of protection from cold
rCorr  .         Reflect  .     i - ring of positive energy
SustAt .         Harm     .     (no ring)
MR     .....                    (no ring)
Stlth  ++++......               (no ring)
                                (no ring)
                                (no ring)
                                (no ring)

@: very slightly contaminated, not resistant to hostile enchantments, stealthy
A: almost no armour, amphibious, 8 rings, constrict 8, camouflage 1, gelatinous
body 1
a: no special abilities


You were on level 3 of the Dungeon.
You were not hungry.

You visited 1 branch of the dungeon, and saw 3 of its levels.

You collected 99 gold pieces.

Inventory:

Hand Weapons
 d - a +0 mace (weapon)
 x - a +0 dagger of draining
Missiles
 k - 40 stones (quivered)
Armour
 q - a +2 robe of cold resistance
 r - a +0 cloak
Jewellery
 h - a ring of protection from cold (left tentacle)
 i - a ring of positive energy (right tentacle)
Scrolls
 c - 4 scrolls of identify {unknown}
 j - a scroll of immolation {unknown}
 l - a scroll of random uselessness {unknown}
 m - a scroll of amnesia
 o - 2 scrolls of teleportation {unknown}
 p - a scroll of blinking {unknown}
 t - a scroll of enchant armour {unknown}
 y - a scroll of magic mapping {unknown}
Potions
 e - a potion of flight {unknown}
 f - a potion of curing {unknown}
 g - a potion of invisibility {unknown}
 n - a potion of haste {unknown}
 s - a potion of cancellation {unknown}
 v - a potion of agility {unknown}
Books
 a - a book of Flames

   Spells                             Type                      Level
   a - Flame Tongue                   Conjuration/Fire             1
   b - Throw Flame                    Conjuration/Fire             2
   c - Conjure Flame                  Conjuration/Fire             3
   d - Inner Flame                    Hexes/Fire                   3
   e - Sticky Flame                   Conjuration/Fire             4
   f - Fireball                       Conjuration/Fire             5
Comestibles
 b - 2 bread rations
 u - 4 chunks of flesh
 w - 2 meat rations
 z - 5 fruits


   Skills:
 + Level 0.4 Fighting
 + Level 0.2 Maces & Flails
 + Level 2.7 Dodging
 * Level 4.6 Stealth
 + Level 3.4 Spellcasting
 + Level 2.0 Conjurations
 * Level 4.9 Fire Magic


You had 8 spell levels left.
You knew the following spells:

 Your Spells              Type           Power        Failure   Level  Hunger
a - Flame Tongue          Conj/Fire      ###..        4%          1    None
b - Throw Flame           Conj/Fire      ###...       8%          2    ##.....


Dungeon Overview and Level Annotations

Branches:
Dungeon (3/15)

Altars:
Cheibriados
Dithmenos
Nemelex Xobeh
Ru


Innate Abilities, Weirdness & Mutations

You cannot wear most types of armour.
You are amphibious.
You can wear up to eight rings at the same time.
You can use your tentacles to constrict eight enemies at once.
Your skin changes colour to match your surroundings (Stealth).
Your rubbery body absorbs attacks (AC +1).


Message History

* * * LOW HITPOINT WARNING * * *
Casting: Flame Tongue
Confirm with . or Enter, or press ? or * to list all spells.
Aiming: Flame Tongue
Press: ? - help, Shift-Dir - straight line, f/p - orc priest
Aim: an orc priest (severely wounded)
The flame tongue misses the orc wizard.
The flame tongue hits the orc priest.
The orc priest is severely wounded.
The orc wizard hits you with a dagger.
* * * LOW HITPOINT WARNING * * *
Drink which item? (? for menu, Esc to quit)
Okay, then.
Read which item? (? for menu, Esc to quit)
As you read the scroll labeled PIYRAD JEZICOLO, it crumbles to dust.
It is a scroll of amnesia.
Forget which spell ([?*] list [ESC] exit)?
Forget which spell ([?*] list [ESC] exit)?
Okay, then.
The orc wizard hits you with a dagger.
You die...

#.# #.####.# #.# #.#
#.# #.# #.# #.# #.#
#.# #.# #.#
#####.####.#
#.######..>........
#........#<........
#############.........
#..oo@................
###o#########.........
#. #......... #o#
#......... #o#
#......... #.#
#)........ #o#
#......... #.#
#[........ #.#
#.........


You could see an orc priest, an orc wizard and an orc.

Vanquished Creatures
  Sigmund (D:2)
  Jessica (D:2)
  Ijyb (D:2)
  4 adders (D:2)
  An ooze (D:2)
  5 worms
  A dart slug (D:1)
  An orc (D:3)
  2 giant cockroaches
  6 goblins
  12 hobgoblins
  6 jackals
  10 kobolds
  7 bats
  6 giant newts
  9 rats
73 creatures vanquished.

Notes
Turn   | Place    | Note
--------------------------------------------------------------
     0 | D:1      | RudyRod the Octopode Fire Elementalist began the quest for the Orb.
     0 | D:1      | Reached XP level 1. HP: 11/11 MP: 3/3
   164 | D:1      | Reached XP level 2. HP: 16/17 MP: 1/5
   789 | D:2      | Reached XP level 3. HP: 21/21 MP: 6/6
  1161 | D:2      | Found a snail-covered altar of Cheibriados.
  1903 | D:2      | Noticed Jessica
  1928 | D:2      | Killed Jessica
  1928 | D:2      | Reached XP level 4. HP: 6/27 MP: 2/7
  2428 | D:2      | Noticed Sigmund
  2809 | D:2      | Learned a level 2 spell: Throw Flame
  2824 | D:2      | Killed Sigmund
  2824 | D:2      | Reached XP level 5. HP: 32/32 MP: 3/9
  2824 | D:2      | Reached XP level 6. HP: 37/37 MP: 3/10
  3025 | D:2      | Noticed Ijyb
  3030 | D:2      | Killed Ijyb
  3548 | D:3      | Found a sparkling altar of Nemelex Xobeh.
  3572 | D:3      | Found a sacrificial altar of Ru.
  3572 | D:3      | Found a shadowy altar of Dithmenos.
  4020 | D:3      | HP: 1/37 [orc wizard/dagger (6)]
  4021 | D:3      | Slain by an orc wizard

Skill      XL: |  1  2  3  4  5  6 |
---------------+-------------------+-----
Stealth        | 3 4 |  4.6
Fire Magic     | 4 |  4.9
Spellcasting   | 3 |  3.4
Conjurations   | 2 |  2.0
Fighting       | |  0.4
Maces & Flails | |  0.2
Dodging        | |  2.7

Action                   |  1- 3 |  4- 6 || total
-------------------------+-------+-------++-------
Melee: Mace              |    38 |    11 ||    49
       Constrict         |    13 |     6 ||    19
       Tentacles         |     8 |     4 ||    12
 Cast: Flame Tongue      |    49 |    72 ||   121
       Throw Flame       |       |     1 ||     1
  Use: Scroll            |       |     1 ||     1
 Stab: Sleeping          |     6 |     4 ||    10
  Eat: Chunk             |     3 |     3 ||     6
       Bread ration      |       |     1 ||     1
Armor: Skin              |     4 |     2 ||     6
Dodge: Dodged            |    22 |    29 ||    51
